 Dungeon Crawl Stone Soup version 0.26-a0-651-gb41185065b (webtiles) character file.

Game seed: 6979318942564007538

303 loralnil the Insei (level 6, -5/41 HPs)
             Began as an Octopode Transmuter on Oct 16, 2020.
             Slain by a worker ant (7 damage)
             ... on level 4 of the Dungeon.
             The game lasted 00:05:10 (3093 turns).

loralnil the Insei (Octopode Transmuter)            Turns: 3093, Time: 00:05:10

Health: -5/41      AC:  2    Str:  9    XL:     6   Next: 38%
Magic:  1/10       EV: 21    Int: 16    God:
Gold:   102        SH:  0    Dex: 19    Spells: 5/11 levels left

rFire    . . .     SeeInvis .     - Unarmed
rCold    . . .     Faith    .   (shield currently unavailable)
rNeg     . . .     Spirit   .   (helmet currently unavailable)
rPois    x         Reflect  .   (no amulet)
rElec    .         Harm     .   (no ring)
rCorr    .         Rampage  .   (no ring)
MR       .....                  (no ring)
Stlth    ++........             (no ring)
HPRegen  0.13/turn              (no ring)
MPRegen  0.12/turn              (no ring)
                                (no ring)
                                (no ring)

@: lethally poisoned (-5 -> -19), spider-form (expiring)
A: tiny, almost no armour, stealthy swim, (amphibious), 8 rings, (constrict 8),
evolution 1
a: End Transformation


You were on level 4 of the Dungeon.
You were a venomous arachnid creature.
You visited 1 branch of the dungeon, and saw 4 of its levels.

You collected 102 gold pieces.

Inventory:

Scrolls
 a - 4 scrolls of teleportation
 c - a scroll of blinking {unknown}
 e - a scroll of remove curse {unknown}
 f - a scroll of noise {unknown}
 g - a scroll of enchant weapon {unknown}
Potions
 b - a potion of curing
 d - 2 potions of mutation
 h - a potion of ambrosia
 i - a potion of heal wounds
 j - 2 potions of cancellation


   Skills:
 + Level 2.8 Fighting
 + Level 3.3 Dodging
 + Level 4.1 Unarmed Combat
 + Level 3.1 Spellcasting
 + Level 3.3 Transmutations


You had 5 spell levels left.
You knew the following spells:

 Your Spells              Type           Power        Failure   Level
a - Beastly Appendage     Tmut           ##....       14%         1
b - Wereblood             Tmut           ##......     19%         2
c - Spider Form           Tmut/Pois      #.........   50%         3

Your spell library contained the following spells:

 Spells                   Type           Power        Failure   Level
 Ice Form                 Ice/Tmut       #.......     85%         4
 Blade Hands              Tmut           ##........   91%         5


Dungeon Overview and Level Annotations

Branches:
Dungeon (4/15)
 Temple: D:4-7

Altars:
Elyvilon
Nemelex Xobeh

Shops:
D:4 (


Innate Abilities, Weirdness & Mutations

You cannot wear most types of armour.
You are very stealthy in the water. (Stealth+)
((You are amphibious.))
You can wear up to eight rings at the same time.
((You can use your tentacles to constrict eight enemies at once.))
((Your skin changes colour to match your surroundings (Stealth+).))
((Your rubbery body absorbs attacks. (AC +1, EV +1)))
((You are partially covered in icy blue scales. (AC +2)))
You evolve.


Message History

You hear a bark!
You hear a shout! x2; You hear an angry hiss.
You hear a bark! x2
You hear a shout! x2
Casting: Spider Form (quite dangerous; 28% risk of failure)
Confirm with . or Enter, or press ? or * to list all spells.
The spell is quite dangerous to cast (28% risk of failure)!
Continue anyway?
You turn into a venomous arachnid creature.
The worker ant bites you!
* * * LOW HITPOINT WARNING * * *
You are lethally poisoned!
The worker ant poisons you!
You hit the worker ant.
The worker ant is poisoned.
The worker ant is lightly wounded.
* * * LOW HITPOINT WARNING * * *
You feel sick. The worker ant misses you.
You hit the worker ant but do no damage.
The worker ant looks as sick as possible!
The worker ant is lightly wounded.
* * * LOW HITPOINT WARNING * * *
You feel sick. The worker ant bites you!
You die...

.........Z.### #.####...###
#..#######.###########...#.#
#..#........).............# #
#..#.#####.###########..Z####..#
.... ...# ###.......# ##..#
####.####.## #..# #.Z........#
#..###########.≈≈..###.##
#.......sahZ....⌠≈.....
#.############.≈≈..###..
)......... #####....## ######


You could see a howler monkey, a worker ant (extremely poisoned) and a bullfrog
skeleton.

Vanquished Creatures
  An ogre (D:4)
  A lemure (D:4)
  A scorpion (D:4)
  4 gnolls (D:3)
  6 adders
  An ooze (D:3)
  3 worms
  A dart slug (D:2)
  3 leopard geckos
  An orc (D:3)
  6 bats
  3 giant cockroaches
  5 goblins
  9 hobgoblins
  4 jackals
  A ball python (D:3)
  3 frilled lizards (D:2)
  5 kobolds
  9 rats
67 creatures vanquished.

Notes
Turn   | Place    | Note
-------+----------+-------------------------------------------
     0 | D:1      | loralnil the Octopode Transmuter began the quest for the
                  | Orb.
     0 | D:1      | Reached XP level 1. HP: 13/13 MP: 3/3
   398 | D:1      | Reached XP level 2. HP: 17/18 MP: 3/5
   402 | D:1      | Learned a level 2 spell: Wereblood
   830 | D:2      | Reached XP level 3. HP: 11/23 MP: 4/6
  1249 | D:2      | Found a white marble altar of Elyvilon.
  1459 | D:2      | Found a faded altar of an unknown god.
  1565 | D:2      | Reached XP level 4. HP: 29/29 MP: 5/7
  1570 | D:2      | Learned a level 3 spell: Spider Form
  1824 | D:3      | Found a sparkling altar of Nemelex Xobeh.
  2307 | D:3      | Reached XP level 5. HP: 27/34 MP: 4/9
  2627 | D:3      | Gained mutation: You are partially covered in icy blue
                  | scales. (AC +2) [potion of mutation]
  2627 | D:3      | Gained mutation: You evolve. [potion of mutation]
  3001 | D:4      | Found Koqem's Weapon Shoppe.
  3026 | D:4      | Noticed an ogre
  3029 | D:4      | Noticed a lemure
  3029 | D:4      | Noticed a lemure
  3061 | D:4      | Killed an ogre
  3061 | D:4      | Reached skill level 4 in Unarmed Combat
  3061 | D:4      | Reached XP level 6. HP: 13/41 MP: 3/10
  3093 | D:4      | HP: 2/41 [poisoned by a worker ant]
  3093 | D:4      | Slain by a worker ant

Illustrated notes

Levels and vault maps discovered:
D:1:      moated_graveyard_arrival, layout_basic, interstate_on_off
D:2:      layout_loops_cross, lemuel_crystal_altar,
          chequers_ecumenical_altar_simple_redux
D:3:      layout_loops_ring, nemelex_xobeh_ov_fountains_minmay
D:4:      layout_basic, gammafunk_temple_of_torment, minmay_temple_entry_ruins,
          serial_shops, shop, gammafunk_ghost_smash, minmay_misc_feat_tiny,
          minmay_misc_feat_cross, corexii_leaking_fountain,
          minmay_manual_monolith, uniq_ijyb, uniq_grinder, uniq_pikel

Skill      XL: |  1  2  3  4  5 |
---------------+----------------+-----
Fighting       | 2 |  2.8
Transmutations | 3 |  3.3
Dodging        | 3 |  3.3
Unarmed Combat | 4 |  4.1
Spellcasting   | 3 |  3.1

Action                   |  1- 3 |  4- 6 || total
-------------------------+-------+-------++-------
Melee: Unarmed           |    62 |    88 ||   150
       Kick              |     9 |    17 ||    26
       Tentacles         |     8 |    15 ||    23
       Constrict         |    12 |    23 ||    35
       Punch             |     2 |     1 ||     3
 Cast: Beastly Appendage |    23 |    18 ||    41
       Spider Form       |       |     4 ||     4
       Wereblood         |       |     1 ||     1
  Use: Scroll            |     3 |     2 ||     5
       Potion            |     1 |     3 ||     4
 Stab: Sleeping          |     5 |     3 ||     8
Armor: Skin              |     4 |     5 ||     9
Dodge: Dodged            |    42 |    71 ||   113

Table legend: (Time is in decaauts)
 A = Elapsed time spent in this place.
 B = Non-inter-level travel time spent in this place.
 C = Inter-level travel time spent in this place.
 D = Time resting spent in this place.
 E = Time spent auto-exploring this place.
 F = Levels seen in this place.
 G = Mean time per level.
                   A        B        C        D        E       F      G
               +--------+--------+--------+--------+--------+-----+--------+
         Total |   3083 |   3043 |     40 |     11 |   2532 |   4 |  770.8 |
       Dungeon |   3083 |   3043 |     40 |     11 |   2532 |   4 |  770.8 |
               +--------+--------+--------+--------+--------+-----+--------+

Top non-repeatable levels by time:
     D:3: 1136 daAuts
     D:2: 939 daAuts
     D:1: 822 daAuts
     D:4: 184 daAuts
